| TOP OF THE 1ST |
|
Port Lavaca Indians batting - Pitching for Clearwater Threshers : RHP Richard Cratch
|
|
Pitching: RHP Richard Cratch
|
|
|
Batting: LHB William Tirado
|
0-0: Foul Ball, location: 2F 0-1: Called Strike 0-2: Ball 1-2: Fly out, F7 (Flyball, 7S, EV 91.3 MPH)
|
|
Batting: LHB Antonio Huerta
|
0-0: Swinging Strike 0-1: Ball 1-1: SINGLE (Groundball, 4D, EV 108.8 MPH)
|
|
Batting: LHB Wally Joyner
|
0-0: Ball 1-0: Foul Ball, location: 2F 1-1: Ball 2-1: Foul Ball, location: 2F 2-2: Ball 3-2: SINGLE (Line Drive, 9S, EV 95.0 MPH) Antonio Huerta to second Runner from 2nd tries for 3rd, SAFE, throw by RF made to third
|
|
Batting: SHB John Rigos
|
0-0: Ball 1-0: Ball 2-0: Ball 3-0: Called Strike 3-1: Swinging Strike 3-2: Strikes out swinging
|
|
Batting: RHB Robbie Wine
|
0-0: Ball 1-0: Called Strike 1-1: Swinging Strike 1-2: Foul Ball, location: 2F 1-2: Strikes out swinging
|
| Top of the 1st over - 0 runs, 2 hits, 0 errors, 2 left on base; Port Lavaca 0 - Clearwater 0 |
| BOTTOM OF THE 1ST |
|
Clearwater Threshers batting - Pitching for Port Lavaca Indians : RHP Steven Yenser
|
|
Pitching: RHP Steven Yenser
|
|
|
Batting: LHB Tom Jones
|
0-0: Fly out, F6 (Line Drive, 6, EV 65.6 MPH)
|
|
Batting: RHB Pete Piskol
|
0-0: Ball 1-0: Ball 2-0: Ball 3-0: Base on Balls
|
|
Batting: RHB Roy Wolfe
|
0-0: Ball 1-0: Foul Ball, location: 2F 1-1: SINGLE (Line Drive, 4M, EV 109.4 MPH) Pete Piskol to second
|
|
Batting: RHB Cliff Pastornicky
|
0-0: Ball 1-0: Foul Ball, location: 2F 1-1: Fly out, F6 (Popup, 6D, EV 70.0 MPH)
|
|
Batting: RHB Rico Sutton
|
0-0: Called Strike 0-1: Foul Ball, location: 2F 0-2: Ball 1-2: Foul Ball, location: 2F 1-2: Foul Ball, location: 2F 1-2: SINGLE (Groundball, 56D, EV 102.5 MPH) Pete Piskol to third Roy Wolfe to second Runner from 3rd tries for Home, SAFE, throw by LF to home
|
|
Batting: LHB John Westmoreland
|
0-0: Ball 1-0: Called Strike 1-1: 3-RUN HOME RUN (Flyball, 9D, EV 98.8 MPH), Distance : 367 ft
|
|
Batting: RHB James Padula
|
0-0: Fly out, F3 (Popup, 3S, EV 79.4 MPH)
|
| Bottom of the 1st over - 4 runs, 3 hits, 0 errors, 0 left on base; Port Lavaca 0 - Clearwater 4 |
| TOP OF THE 2ND |
|
Port Lavaca Indians batting - Pitching for Clearwater Threshers : RHP Richard Cratch
|
|
Batting: LHB Scott Loseke
|
0-0: Called Strike 0-1: Foul Ball, location: 2F 0-2: Strikes out looking
|
|
Batting: RHB Robert Mills
|
0-0: Swinging Strike 0-1: Ball 1-1: Foul Ball, location: 2F 1-2: Strikes out swinging
|
|
Batting: LHB Jim Spring
|
0-0: Ball 1-0: Ground out 5-3 (Groundball, 56, EV 84.4 MPH)
|
| Top of the 2nd over - 0 runs, 0 hits, 0 errors, 0 left on base; Port Lavaca 0 - Clearwater 4 |
| BOTTOM OF THE 2ND |
|
Clearwater Threshers batting - Pitching for Port Lavaca Indians : RHP Steven Yenser
|
|
Batting: RHB Bill Dierberger
|
0-0: Ball 1-0: Ball 2-0: Called Strike 2-1: Ball 3-1: SINGLE (Line Drive, 5D, EV 96.9 MPH)
|
|
Batting: RHB Pedro Hernandez
|
0-0: Called Strike 0-1: Ball 1-1: Fielders Choice at 2nd, 3-6 (Groundball, 34D, EV 84.4 MPH)
|
|
Batting: LHB Tom Jones
|
0-0: Foul Ball, location: 2F 0-1: Fielders Choice at 2nd, 4-6 (Groundball, 4, EV 85.6 MPH)
|
|
Batting: RHB Pete Piskol
|
0-0: Ball Tom Jones steals 2nd base 1-0: Ground out 6-3 (Groundball, 6, EV 84.4 MPH)
|
| Bottom of the 2nd over - 0 runs, 1 hit, 0 errors, 1 left on base; Port Lavaca 0 - Clearwater 4 |
| TOP OF THE 3RD |
|
Port Lavaca Indians batting - Pitching for Clearwater Threshers : RHP Richard Cratch
|
|
Batting: RHB Jeffrey Rhodes
|
0-0: Ball 1-0: Ball 2-0: Ball 3-0: Called Strike 3-1: SINGLE (Line Drive, 7S, EV 90.6 MPH)
|
|
Batting: LHB William Tirado
|
0-0: Foul Ball, location: 2F 0-1: Ball 1-1: Called Strike 1-2: Fielders Choice at 2nd, 4-6 (Groundball, 4, EV 80.6 MPH)
|
|
Batting: LHB Antonio Huerta
|
0-0: Called Strike William Tirado steals 2nd base 0-1: Ball 1-1: Fly out, F8 (Line Drive, 8RD, EV 97.5 MPH)
|
|
Batting: LHB Wally Joyner
|
0-0: Ball 1-0: Ground out 4-3 (Groundball, 4M, EV 100.6 MPH)
|
| Top of the 3rd over - 0 runs, 1 hit, 0 errors, 1 left on base; Port Lavaca 0 - Clearwater 4 |
| BOTTOM OF THE 3RD |
|
Clearwater Threshers batting - Pitching for Port Lavaca Indians : RHP Steven Yenser
|
|
Batting: RHB Roy Wolfe
|
0-0: Ground out 5-3 (Groundball, 56, EV 109.4 MPH)
|
|
Batting: RHB Cliff Pastornicky
|
0-0: Ball 1-0: Foul Ball, location: 2F 1-1: Foul Ball, location: 2F 1-2: Ground out 2-3 (Groundball, 2R, EV 73.8 MPH)
|
|
Batting: RHB Rico Sutton
|
0-0: Ball 1-0: Ball 2-0: Called Strike 2-1: Swinging Strike 2-2: Strikes out looking
|
| Bottom of the 3rd over - 0 runs, 0 hits, 0 errors, 0 left on base; Port Lavaca 0 - Clearwater 4 |
| TOP OF THE 4TH |
|
Port Lavaca Indians batting - Pitching for Clearwater Threshers : RHP Richard Cratch
|
|
Batting: SHB John Rigos
|
0-0: TRIPLE (Flyball, 89XD, EV 94.4 MPH)
|
|
Batting: RHB Robbie Wine
|
0-0: Called Strike 0-1: Swinging Strike 0-2: Ball 1-2: Foul Ball, location: 2F 1-2: Ball 2-2: Ball 3-2: Ground out 5-3 (Groundball, 56S, EV 79.4 MPH) John Rigos scores
|
|
Batting: LHB Scott Loseke
|
0-0: Foul Ball, location: 2F 0-1: Foul Ball, location: 2F 0-2: Ball 1-2: Foul Ball, location: 2F 1-2: Fly out, F4 (Flyball, 34D, EV 77.5 MPH)
|
|
Batting: RHB Robert Mills
|
0-0: Ball 1-0: Ball 2-0: SINGLE (Line Drive, 8RS, EV 98.8 MPH)
|
|
Batting: LHB Jim Spring
|
0-0: Called Strike 0-1: Foul Ball, location: 2F 0-2: SINGLE (Groundball, 4MS, EV 75.0 MPH) (infield hit) Robert Mills to second
|
|
Batting: RHB Jeffrey Rhodes
|
0-0: Swinging Strike 0-1: Fielders Choice at 2nd, 6-4 (Groundball, 6, EV 83.1 MPH)
|
| Top of the 4th over - 1 run, 3 hits, 0 errors, 2 left on base; Port Lavaca 1 - Clearwater 4 |
| BOTTOM OF THE 4TH |
|
Clearwater Threshers batting - Pitching for Port Lavaca Indians : RHP Steven Yenser
|
|
Batting: LHB John Westmoreland
|
0-0: Ball 1-0: Called Strike 1-1: Called Strike 1-2: Fly out, F7 (Flyball, 78M, EV 70.6 MPH)
|
|
Batting: RHB James Padula
|
0-0: Ball 1-0: Called Strike 1-1: Ball 2-1: Ball 3-1: Foul Ball, location: 2F 3-2: Ground out 1-3 (Groundball, 13S, EV 73.8 MPH)
|
|
Batting: RHB Bill Dierberger
|
0-0: Fly out, F8 (Flyball, 8LM, EV 86.3 MPH)
|
| Bottom of the 4th over - 0 runs, 0 hits, 0 errors, 0 left on base; Port Lavaca 1 - Clearwater 4 |
| TOP OF THE 5TH |
|
Port Lavaca Indians batting - Pitching for Clearwater Threshers : RHP Richard Cratch
|
|
Batting: LHB William Tirado
|
0-0: Called Strike 0-1: Foul Ball, location: 2F 0-2: Ground out 1-3 (Groundball, 25, EV 69.4 MPH)
|
|
Batting: LHB Antonio Huerta
|
0-0: Called Strike 0-1: Ball 1-1: Ground out 4-3 (Groundball, 4, EV 100.6 MPH)
|
|
Batting: LHB Wally Joyner
|
0-0: Called Strike 0-1: Swinging Strike 0-2: Ball 1-2: Ground out 6-3 (Groundball, 6, EV 84.4 MPH)
|
| Top of the 5th over - 0 runs, 0 hits, 0 errors, 0 left on base; Port Lavaca 1 - Clearwater 4 |
| BOTTOM OF THE 5TH |
|
Clearwater Threshers batting - Pitching for Port Lavaca Indians : RHP Steven Yenser
|
|
Batting: RHB Pedro Hernandez
|
0-0: Called Strike 0-1: Called Strike 0-2: Ball 1-2: Ground out U3 (Groundball, 34, EV 105.0 MPH)
|
|
Batting: LHB Tom Jones
|
0-0: Called Strike 0-1: Ball 1-1: Fly out, F7 (Flyball, 7LS, EV 73.8 MPH)
|
|
Batting: RHB Pete Piskol
|
0-0: Ground out U3 (Groundball, 34S, EV 71.3 MPH)
|
| Bottom of the 5th over - 0 runs, 0 hits, 0 errors, 0 left on base; Port Lavaca 1 - Clearwater 4 |
| TOP OF THE 6TH |
|
Port Lavaca Indians batting - Pitching for Clearwater Threshers : RHP Richard Cratch
|
|
Batting: SHB John Rigos
|
0-0: Ball 1-0: Foul Ball, location: 2F 1-1: Swinging Strike 1-2: Ball 2-2: Ground out U3 (Groundball, 3, EV 98.1 MPH)
|
|
Batting: RHB Robbie Wine
|
0-0: Called Strike 0-1: Ball 1-1: Fly out, F4 (Flyball, 34D, EV 76.3 MPH)
|
|
Batting: LHB Scott Loseke
|
0-0: Called Strike 0-1: Fly out, F7 (Line Drive, 7, EV 87.5 MPH)
|
| Top of the 6th over - 0 runs, 0 hits, 0 errors, 0 left on base; Port Lavaca 1 - Clearwater 4 |
| BOTTOM OF THE 6TH |
|
Clearwater Threshers batting - Pitching for Port Lavaca Indians : RHP Steven Yenser
|
|
Batting: RHB Roy Wolfe
|
0-0: Ball 1-0: DOUBLE (Line Drive, 9D, EV 95.6 MPH)
|
|
Batting: RHB Cliff Pastornicky
|
0-0: Ball 1-0: Ball 2-0: Ball 3-0: Called Strike 3-1: Foul Ball, location: 2F 3-2: Fly out, F7 (Flyball, 78D, EV 78.8 MPH)
|
|
Batting: RHB Rico Sutton
|
0-0: Ball 1-0: DOUBLE (Line Drive, 8RXD, EV 107.5 MPH) Roy Wolfe scores
|
|
Batting: LHB John Westmoreland
|
0-0: Intentional Walk
|
|
Pitching: RHP Mark Leonette
|
|
|
Batting: RHB James Padula
|
0-0: Called Strike 0-1: Ball 1-1: Ball 2-1: Ball 3-1: SINGLE (Line Drive, 7S, EV 107.5 MPH) Rico Sutton to third John Westmoreland to second
|
|
Batting: RHB Bill Dierberger
|
0-0: SINGLE (Groundball, 6M, EV 103.8 MPH) Rico Sutton scores John Westmoreland to third James Padula to second Runner from 3rd tries for Home, SAFE, throw by CF to home
|
|
Batting: RHB Pedro Hernandez
|
0-0: Fielders Choice at 2nd, 2-6 (Groundball, 2R, EV 62.5 MPH) James Padula to third
|
|
Batting: LHB Tom Jones
|
0-0: Foul Ball, location: 2F 0-1: Ball 1-1: Ball 2-1: Foul Ball, location: 2F 2-2: Fly out, F4 (Line Drive, 4, EV 73.1 MPH)
|
| Bottom of the 6th over - 3 runs, 4 hits, 0 errors, 2 left on base; Port Lavaca 1 - Clearwater 7 |
| TOP OF THE 7TH |
|
Port Lavaca Indians batting - Pitching for Clearwater Threshers : RHP Richard Cratch
|
|
Batting: RHB Robert Mills
|
0-0: Ball 1-0: Ball 2-0: Called Strike 2-1: Swinging Strike 2-2: Ball 3-2: Base on Balls
|
|
Batting: LHB Jim Spring
|
0-0: Called Strike 0-1: Ball 1-1: Swinging Strike 1-2: Fly out, F9 (Flyball, 9LD, EV 101.3 MPH)
|
|
Batting: RHB Jeffrey Rhodes
|
0-0: Fly out, F8 (Flyball, 8RXD, EV 98.1 MPH)
|
|
Batting: LHB William Tirado
|
0-0: Ball 1-0: Called Strike 1-1: Ground out 1-3 (Groundball, 13S, EV 73.8 MPH)
|
| Top of the 7th over - 0 runs, 0 hits, 0 errors, 1 left on base; Port Lavaca 1 - Clearwater 7 |
| BOTTOM OF THE 7TH |
|
Clearwater Threshers batting - Pitching for Port Lavaca Indians : RHP Mark Leonette
|
|
Batting: RHB Pete Piskol
|
0-0: Ground out 4-3 (Groundball, 4, EV 88.1 MPH)
|
|
Batting: RHB Roy Wolfe
|
0-0: Ball 1-0: Ground out 5-3 (Groundball, 56, EV 104.4 MPH)
|
|
Batting: RHB Cliff Pastornicky
|
0-0: Foul Ball, location: 2F 0-1: Ball 1-1: Ground out U3 (Groundball, 3, EV 82.5 MPH)
|
| Bottom of the 7th over - 0 runs, 0 hits, 0 errors, 0 left on base; Port Lavaca 1 - Clearwater 7 |
| TOP OF THE 8TH |
|
Port Lavaca Indians batting - Pitching for Clearwater Threshers : RHP Richard Cratch
|
|
Pitching: RHP Tom Burns
|
|
|
Batting: LHB Antonio Huerta
|
0-0: Ball 1-0: Ball 2-0: Ball 3-0: Called Strike 3-1: Foul Ball, location: 2F 3-2: Ground out 6-3 (Groundball, 6, EV 90.6 MPH)
|
|
Batting: LHB Wally Joyner
|
0-0: Ball 1-0: Ball 2-0: DOUBLE (Groundball, 3L, EV 101.9 MPH)
|
|
Batting: SHB John Rigos
|
0-0: Foul Ball, location: 2F 0-1: Foul Ball, location: 2F 0-2: Ball 1-2: Ball 2-2: Strikes out swinging
|
|
Batting: RHB Robbie Wine
|
0-0: Ball 1-0: Ball 2-0: Called Strike 2-1: Ball 3-1: Called Strike 3-2: Base on Balls
|
|
Batting: LHB Scott Loseke
|
0-0: Fly out, F8 (Flyball, 8RD, EV 90.0 MPH)
|
| Top of the 8th over - 0 runs, 1 hit, 0 errors, 2 left on base; Port Lavaca 1 - Clearwater 7 |
| BOTTOM OF THE 8TH |
|
Clearwater Threshers batting - Pitching for Port Lavaca Indians : RHP Mark Leonette
|
|
Batting: RHB Rico Sutton
|
0-0: Called Strike 0-1: Foul Ball, location: 2F 0-2: Strikes out swinging
|
|
Batting: LHB John Westmoreland
|
0-0: Called Strike 0-1: Ball 1-1: Called Strike 1-2: Foul Ball, location: 2F 1-2: Ball 2-2: Strikes out swinging
|
|
Batting: RHB James Padula
|
0-0: Ball 1-0: Ball 2-0: Foul Ball, location: 2F 2-1: Ball 3-1: Base on Balls
|
|
Batting: RHB Bill Dierberger
|
0-0: Called Strike 0-1: Foul Ball, location: 2F 0-2: Ball 1-2: Foul Ball, location: 2F 1-2: Foul Ball, location: 2F 1-2: Ball 2-2: Ball 3-2: Fly out, F3 (Popup, 3, EV 83.1 MPH)
|
| Bottom of the 8th over - 0 runs, 0 hits, 0 errors, 1 left on base; Port Lavaca 1 - Clearwater 7 |
| TOP OF THE 9TH |
|
Port Lavaca Indians batting - Pitching for Clearwater Threshers : RHP Tom Burns
|
|
Batting: RHB Robert Mills
|
0-0: Called Strike 0-1: Ball 1-1: Ball 2-1: Ball 3-1: Base on Balls
|
|
Batting: LHB Jim Spring
|
0-0: Ball 1-0: Foul Ball, location: 2F 1-1: Swinging Strike 1-2: Foul Ball, location: 2F 1-2: Ball 2-2: Foul Ball, location: 2F 2-2: Ball 3-2: Strikes out swinging
|
|
Batting: RHB Jeffrey Rhodes
|
0-0: Called Strike 0-1: Called Strike 0-2: Strikes out swinging
|
|
Batting: LHB William Tirado
|
0-0: Ball 1-0: Ground out 4-3 (Groundball, 4, EV 85.6 MPH)
|
| Top of the 9th over - 0 runs, 0 hits, 0 errors, 1 left on base; Port Lavaca 1 - Clearwater 7 |
|